 Dungeon Crawl Stone Soup version 0.26.1-15-g04117e645d (webtiles) character file.

Game seed: 3623207591881895528

130 suipiss the Magician (level 4, -3/30 HPs)
             Began as a Demonspawn Hedge Wizard on Dec 27, 2022.
             Slain by an orc warrior
             ... wielding a +0 broad axe
              (22 damage)
             ... on level 3 of the Dungeon.
             The game lasted 00:09:29 (4069 turns).

suipiss the Magician (Demonspawn Hedge Wizard)      Turns: 4069, Time: 00:09:30

Health: -3/30      AC:  7    Str: 10    XL:     4   Next: 90%
Magic:  4/10       EV: 12    Int: 15    God:
Gold:   298        SH:  0    Dex: 12    Spells: 5/10 levels left

rFire    . . .     SeeInvis .   d - +0 spear
rCold    . . .     Faith    .   (no shield)
rNeg     . . .     Spirit   .   b - +0 robe
rPois    .         Reflect  .   c - +0 hat
rElec    .         Harm     .   (no cloak)
rCorr    .         Rampage  .   (no gloves)
Will     .....                  (no boots)
Stlth    ++........             (no amulet)
HPRegen  0.10/turn              k - +4 ring of protection
MPRegen  0.12/turn              (no ring)

@: no status effects
A: antennae 2, rugged brown scales 1, dopey 1, high mp 1, spiny 1, evolution 2
a: no special abilities


You were on level 3 of the Dungeon.
You visited 1 branch of the dungeon, and saw 3 of its levels.

You collected 298 gold pieces.

Inventory:

Hand Weapons
 a - a +0 dagger
 d - a +0 spear (weapon)
Armour
 b - a +0 robe (worn)
 c - a +0 hat (worn)
Jewellery
 k - a +4 ring of protection (left hand)
 r - an uncursed ring of willpower {unknown}
Scrolls
 f - 2 scrolls of remove curse
 g - 2 scrolls of identify {unknown}
 h - 2 scrolls of magic mapping
 j - a scroll of random uselessness {unknown}
 l - a scroll of fear {unknown}
 t - a scroll of blinking {unknown}
Potions
 e - a potion of cancellation
 i - a potion of might {unknown}
 m - a potion of mutation
 s - a potion of attraction {unknown}
 u - a potion of flight {unknown}


   Skills:
 + Level 2.2 Dodging
 - Level 1.7 Stealth
 * Level 3.5 Spellcasting
 * Level 2.2 Conjurations
 * Level 2.4 Summonings
 * Level 2.1 Translocations


You had 5 spell levels left.
You knew the following spells:

 Your Spells              Type           Power        Failure   Level
a - Magic Dart            Conj           36%          8%          1
b - Call Imp              Summ           9%           11%         2
c - Blink                 Tloc           N/A          12%         2

Your spell library contained the following spells:

 Spells                   Type           Power        Failure   Level
 Slow                     Hex            2%           28%         2
 Conjure Flame            Conj/Fire      6%           34%         3
 Mephitic Cloud           Conj/Pois/Air  4%           38%         3


Dungeon Overview and Level Annotations

Branches:
Dungeon (3/15)

Altars:
Fedhas
Hepliaklqana
Kikubaaqudgha
Nemelex Xobeh
Yredelemnul


Innate Abilities, Weirdness & Mutations

You have a pair of antennae on your head.
You are partially covered in sharp spines.
You are partially covered in rugged brown scales. (AC +1, +3% HP)
You are dopey. (Int -2)
You have an increased reservoir of magic. (+10% MP)
You rapidly evolve.


Message History

Casting: Call Imp (safe; 11% risk of failure)
Confirm with . or Enter, or press ? or * to list all spells.
A beastly little devil appears in a puff of flame.
Your white imp hits the orc warrior but does no damage.
The orc warrior hits you with a +0 broad axe!
The orc warrior hits your white imp with a +0 broad axe!
Your white imp dies!
Casting: Call Imp (safe; 11% risk of failure)
Confirm with . or Enter, or press ? or * to list all spells.
A beastly little devil appears in a puff of frigid air.
Your crimson imp barely misses the orc warrior.
You hit the orc warrior.
The orc warrior is lightly wounded.
The orc warrior closely misses you.
The orc warrior hits your crimson imp with a +0 broad axe!
Your crimson imp dies!
The orc warrior is struck by your spines.
The orc warrior hits you with a +0 broad axe!!
Ouch! That really hurt!
You die...

#...... #.####.
#################.####.
#....................#.
#.#############........ #.#
######......)..## #.#
#....#.##.#...... #.#
###.##)†..#.###..## #.#
#.@.#...#..........
#.###o#.#.....#.###..##
#..##.#################
#########.5.'..#..#..#..##.'
#.......#...##.##.##...##..#
#.########...#.[#..#..##.).)
#.# #...##.##...##..... #<#
##...#..#†.##...(.. #.#
#...##..)##.......


You could see an orc warrior and a friendly white imp (summoned).

Vanquished Creatures
  An orc wizard (D:3)
  2 adders
  A worm (D:3)
  2 dart slugs (D:1)
  A leopard gecko (D:1)
  3 orcs (D:3)
  2 giant cockroaches
  6 goblins
  5 hobgoblins
  6 kobolds
  A bat (D:1)
  3 frilled lizards
  6 rats
39 creatures vanquished.

Vanquished Creatures (collateral kills)
  Jessica (D:3)
  3 adders
  2 worms (D:2)
  A dart slug (D:3)
  2 orcs (D:3)
  A giant cockroach (D:2)
  A rat (D:3)
11 creatures vanquished.

Vanquished Creatures (others)
  A fungus (D:1)
  A plant (D:3)
  4 toadstools (D:1)
6 creatures vanquished.

Grand Total: 56 creatures vanquished

Notes
Turn   | Place    | Note
-------+----------+-------------------------------------------
     0 | D:1      | suipiss the Demonspawn Hedge Wizard began the quest for the
                  | Orb.
     0 | D:1      | Reached XP level 1. HP: 13/13 MP: 4/4
   114 | D:1      | Reached skill level 1 in Translocations
   452 | D:1      | Gained mutation: You have a pair of small antennae on your
                  | head. [demonic ancestry]
   452 | D:1      | Reached XP level 2. HP: 19/19 MP: 3/6
   455 | D:1      | Learned a level 2 spell: Call Imp
   458 | D:1      | Learned a level 2 spell: Blink
  1196 | D:2      | Gained mutation: You have a pair of antennae on your head.
                  | [demonic ancestry]
  1196 | D:2      | Reached XP level 3. HP: 24/24 MP: 1/7
  1785 | D:2      | Found a blossoming altar of Fedhas.
  1788 | D:2      | Found an ancient bone altar of Kikubaaqudgha.
  2296 | D:3      | Gained mutation: You are dopey. (Int -2) [potion of
                  | mutation]
  2296 | D:3      | Gained mutation: You are partially covered in rugged brown
                  | scales. (AC +1, +3% HP) [potion of mutation]
  2296 | D:3      | Gained mutation: You have an increased reservoir of magic.
                  | (+10% MP) [potion of mutation]
  2296 | D:3      | Gained mutation: You evolve. [potion of mutation]
  2328 | D:3      | Gained mutation: You are partially covered in sharp spines.
                  | [demonic ancestry]
  2328 | D:3      | Reached XP level 4. HP: 17/30 MP: 0/9
  2539 | D:3      | Noticed Jessica
  2540 | D:3      | Found a sparkling altar of Nemelex Xobeh.
  2540 | D:3      | Found a basalt altar of Yredelemnul.
  2540 | D:3      | Found a hazy altar of Hepliaklqana.
  2622 | D:3      | Killed Jessica
  2924 | D:3      | Gained mutation: You rapidly evolve. [evolution]
  3307 | D:3      | Noticed an orc warrior
  4069 | D:3      | Slain by an orc warrior

Illustrated notes

Levels and vault maps discovered:
D:1:      minmay_arrival_split_and_join, layout_rooms, minmay_gold_behind_fungi
D:2:      layout_loops_cross, grunt_temple_overflow_growth_and_decay
D:3:      minmay_razor_zed, layout_loops_ring,
          gammafunk_temple_overflow_forgotten, uniq_jessica

Skill      XL: |  1  2  3  4 |
---------------+-------------+-----
Translocations | 1 2 |  2.1
Dodging        | 2 |  2.2
Summonings     | 2 |  2.4
Conjurations   | 2 |  2.2
Stealth        | |  1.7
Spellcasting   | |  3.5

Action                   |  1- 3 |  4- 6 || total
-------------------------+-------+-------++-------
Melee: Spear             |    68 |    46 ||   114
 Cast: Magic Dart        |    56 |       ||    56
       Call Imp          |     9 |    29 ||    38
  Use: Scroll            |     2 |     2 ||     4
       Potion            |     6 |       ||     6
 Stab: Distracted        |     2 |       ||     2
       Sleeping          |     1 |       ||     1
Armor: Robe              |    18 |    11 ||    29
       Skin              |     8 |       ||     8
Dodge: Dodged            |    24 |    23 ||    47
